 Dungeon Crawl Stone Soup version 0.27.1-33-g824d729ab1 (webtiles) character file.

Game seed: 17603423991374029172

786 MisterFreud the Skirmisher (level 7, 0/90 HPs)
             Began as a Gnoll Wanderer on Dec 22, 2021.
             Was a Follower of Uskayaw.
             Slain by an orc (5 damage)
             ... on level 5 of the Dungeon.
             The game lasted 00:07:56 (3455 turns).

MisterFreud the Skirmisher (Gnoll Wanderer)         Turns: 3455, Time: 00:07:56

Health: 0/90       AC:  2    Str:  9    XL:     7   Next: 86%
Magic:  11/11      EV: 12    Int: 13    God:    Uskayaw [*.....]
Gold:   535        SH:  0    Dex: 14    Spells: 8/11 levels left

rFire    . . .     SeeInvis .   b - +3 war axe (elec)
rCold    . . .     Faith    .   (no shield)
rNeg     . . .     Spirit   .   e - +0 robe
rPois    .         Reflect  .   (no helmet)
rElec    .         Harm     .   (no cloak)
rCorr    .         Rampage  .   (no gloves)
Will     .....                  (no boots)
Stlth    ..........             i - amulet of regeneration
HPRegen  1.25/turn              o - ring of flight
MPRegen  0.12/turn              (no ring)

@: berserking, flying, very quick
A: fangs 1, strong nose, distributed training
a: Renounce Religion, Stomp


You were on level 5 of the Dungeon.
You worshipped Uskayaw.
Uskayaw was noncommittal.
You visited 1 branch of the dungeon, and saw 5 of its levels.

You collected 1051 gold pieces.
You spent 516 gold pieces at shops.

Inventory:

Hand Weapons
 a - a +2 shortbow
 b - a +3 war axe of electrocution (weapon)
 c - a +0 hand axe
Missiles
 j - 15 arrows
 s - 6 poisoned darts (quivered)
 u - 2 throwing nets
Armour
 e - a +0 robe (worn)
Jewellery
 i - an amulet of regeneration (around neck)
 k - an amulet of guardian spirit
 o - a ring of flight (left hand)
 p - a ring of ice
Wands
 h - a wand of paralysis (11)
 y - a wand of polymorph (4)
Scrolls
 g - a scroll of silence {unknown}
 n - a scroll of immolation {unknown}
 v - a scroll of noise {unknown}
Potions
 d - 3 potions of lignification
 f - 4 potions of attraction
 l - 2 potions of haste
 m - 2 potions of brilliance
 r - 3 potions of might
 t - 2 potions of curing
 w - a potion of magic


   Skills:
 + Level 7.1 Fighting
 + Level 2.7 Short Blades
 + Level 2.7 Long Blades
 + Level 2.7 Axes
 + Level 2.7 Maces & Flails
 + Level 2.7 Polearms
 + Level 2.7 Staves
 + Level 2.7 Slings
 + Level 5.4 Bows
 + Level 2.7 Crossbows
 + Level 2.7 Throwing
 + Level 2.7 Armour
 + Level 2.7 Dodging
 + Level 3.7 Stealth
 + Level 2.7 Shields
 + Level 2.7 Unarmed Combat
 + Level 2.7 Spellcasting
 + Level 2.2 Conjurations
 + Level 2.2 Hexes
 + Level 2.2 Summonings
 + Level 5.9 Necromancy
 + Level 2.2 Translocations
 + Level 2.2 Transmutations
 + Level 2.2 Fire Magic
 + Level 2.2 Ice Magic
 + Level 2.2 Air Magic
 + Level 2.2 Earth Magic
 + Level 2.2 Poison Magic
 + Level 3.0 Invocations
 + Level 3.8 Evocations


You had 8 spell levels left.
You knew the following spells:

 Your Spells              Type           Power      Damage    Failure   Level
a - Vampiric Draining     Necr           8%         2d7       6%          3

Your spell library contained the following spells:

 Spells                   Type           Power      Damage    Failure   Level
 Sublimation of Blood     Necr           8%         N/A       3%          2
 Foxfire                  Conj/Fire      28%        2x1d5     10%         1
 Slow                     Hex            7%         N/A       14%         2
 Wereblood                Tmut           7%         N/A       14%         2
 Confusing Touch          Hex            7%         N/A       28%         3
 Conjure Flame            Conj/Fire      7%         6-21      28%         3
 Inner Flame              Hex/Fire       7%         N/A       28%         3
 Summon Hydra             Summ           3%         N/A       100%        7


Dungeon Overview and Level Annotations

Branches:
Dungeon (5/15)
 Temple: D:4-7

Altars:
Uskayaw

Shops:
D:4 [   D:5 !


Innate Abilities, Weirdness & Mutations

You have very sharp teeth.
Your uncanny sense of smell can sniff out nearby items.
Your experience applies equally to all skills.


Message History

You bite the orc priest, but do no damage.
The orc closely misses you.
The orc priest mumbles some strange prayers to Beogh against you.
Beogh smites you!
The orc hits you from afar with a +1 trident of protection!
You closely miss the orc priest. You closely miss the orc.
The orc priest hits you with a +0 club. The orc hits you with a +0 club.
The orc misses you. The orc priest barely misses you.
The orc hits you but does no damage.
You barely miss the orc priest. You hit the orc. x2
The orc hits you from afar with a +1 trident of protection.
The orc closely misses you. The orc priest closely misses you.
The orc closely misses you.
You closely miss the orc priest. You barely miss the orc.
You hit the black bear. You hit the orc. Lightning courses through the orc!
You kill the orc!
The orc misses you. The orc hits you with a +0 hand axe.
The orc priest closely misses you. The black bear bites you.
The black bear claws you. x2
* * * LOW HITPOINT WARNING * * *
The orc hits you from afar with a +1 trident of protection.
* * * LOW HITPOINT WARNING * * *
The orc barely misses you. The orc priest closely misses you.
Unknown command.
You feel much better. The black bear bites you.
The black bear barely misses you. The black bear claws you.
The orc barely misses you. The orc closely misses you.
The orc priest calls down the wrath of Beogh upon you.
Beogh smites you!
* * * LOW HITPOINT WARNING * * *
A red film seems to cover your vision as you go berserk!
You feel yourself moving faster!
You feel mighty! The black bear closely misses you.
The black bear claws you but does no damage. x2
The gnoll hits you with a +0 flail!
* * * LOW HITPOINT WARNING * * *
The orc hits you from afar with a +1 trident of protection!
* * * LOW HITPOINT WARNING * * *
The orc hits you with a +0 hand axe.
You die...

###........###∆ #.......#....
....)...#...# .....
...........##. ......
#........................#
#.........# #...........#
#.....)...# ##............
##....<.ooh###...........##
##........o@................
#$........g..#..###.........
#....?..g.........##.........
#....o...####.................
##......### ##...##..#.##.....
##.....(.. ##..#####.##.....
##.g?..... #...###...#.....
#..o..... #...#.......>...
###...(o.#. #.#.........###.


You could see a black bear, an orc priest, 2 gnolls and 2 orcs.

Vanquished Creatures
  Sigmund (D:2)
  A black bear (D:5)
  2 orc priests (D:4)
  A gnoll shaman (D:5)
  2 hounds
  A jelly (D:4)
  A bullfrog skeleton (D:4)
  2 orc wizards (D:3)
  2 hound skeletons
  9 gnolls
  8 adders
  2 adder skeletons (D:4)
  A worm (D:4)
  A dart slug (D:2)
  8 orcs
  8 endoplasms
  A giant cockroach (D:3)
  6 goblins
  11 hobgoblins
  4 jackals (D:1)
  5 quokkas
  7 ball pythons
  3 bats
  4 frilled lizards
  6 kobolds
  8 rats
105 creatures vanquished.

Notes
Turn   | Place    | Note
-------+----------+-------------------------------------------
     0 | D:1      | MisterFreud the Gnoll Wanderer began the quest for the Orb.
     0 | D:1      | MisterFreud set off with the following items: a +2
                  | shortbow, 25 arrows, a +0 hand axe, a potion of
                  | lignification, a +0 robe
     0 | D:1      | Reached XP level 1. HP: 23/23 MP: 1/1
   130 | D:1      | Reached XP level 2. HP: 29/29 MP: 2/2
   550 | D:1      | Reached XP level 3. HP: 35/35 MP: 3/3
   778 | D:2      | Learned a level 3 spell: Vampiric Draining
   793 | D:2      | Noticed Sigmund
   833 | D:2      | Reached skill level 1 in Invocations
   942 | D:2      | Reached skill level 1 in Short Blades
   942 | D:2      | Reached skill level 1 in Long Blades
   942 | D:2      | Reached skill level 1 in Axes
   942 | D:2      | Reached skill level 1 in Maces & Flails
   942 | D:2      | Reached skill level 1 in Polearms
   942 | D:2      | Reached skill level 1 in Staves
   942 | D:2      | Reached skill level 1 in Slings
   942 | D:2      | Reached skill level 1 in Crossbows
   942 | D:2      | Reached skill level 1 in Throwing
   942 | D:2      | Reached skill level 1 in Armour
   942 | D:2      | Reached skill level 1 in Dodging
   942 | D:2      | Reached skill level 1 in Shields
   942 | D:2      | Reached skill level 1 in Unarmed Combat
   942 | D:2      | Reached skill level 1 in Spellcasting
  1162 | D:3      | Reached XP level 4. HP: 41/41 MP: 5/5
  1331 | D:3      | Reached skill level 1 in Conjurations
  1331 | D:3      | Reached skill level 1 in Hexes
  1331 | D:3      | Reached skill level 1 in Summonings
  1331 | D:3      | Reached skill level 1 in Translocations
  1331 | D:3      | Reached skill level 1 in Transmutations
  1331 | D:3      | Reached skill level 1 in Fire Magic
  1331 | D:3      | Reached skill level 1 in Ice Magic
  1331 | D:3      | Reached skill level 1 in Air Magic
  1331 | D:3      | Reached skill level 1 in Earth Magic
  1331 | D:3      | Reached skill level 1 in Poison Magic
  1342 | D:3      | Reached XP level 5. HP: 47/47 MP: 5/7
  1967 | D:4      | Reached XP level 6. HP: 30/53 MP: 8/8
  2083 | D:4      | Found Jyuziucs's Armour Boutique.
  2224 | D:4      | Reached skill level 5 in Bows
  2562 | D:5      | Entered Level 5 of the Dungeon
  2730 | D:2      | Killed Sigmund
  2731 | D:2      | Reached skill level 7 in Fighting
  2731 | D:2      | Reached XP level 7. HP: 20/60 MP: 10/10
  2853 | D:2      | Found a faded altar of an unknown god.
  2862 | D:2      | Became a worshipper of Uskayaw the Reveller
  2862 | D:2      | Reached * piety under Uskayaw
  3236 | D:3      | Identified a scroll of acquirement
  3236 | D:3      | Acquired 854 gold pieces
  3284 | D:5      | Reached ** piety under Uskayaw
  3405 | D:5      | Found Idicson's Distillery.
  3414 | D:5      | Bought a potion of magic for 96 gold pieces
  3414 | D:5      | Bought a potion of heal wounds for 60 gold pieces
  3414 | D:5      | Bought a potion of might for 48 gold pieces
  3414 | D:5      | Bought a potion of might for 48 gold pieces
  3414 | D:5      | Bought a potion of attraction for 36 gold pieces
  3414 | D:5      | Bought 2 potions of lignification for 72 gold pieces
  3414 | D:5      | Bought a potion of haste for 120 gold pieces
  3414 | D:5      | Bought a potion of curing for 36 gold pieces
  3455 | D:5      | Slain by an orc

Illustrated notes

Levels and vault maps discovered:
D:1:      roderic_chinese_lattice_arrival, layout_basic
D:2:      layout_basic, ebering_ecumenical_altar_sacrificial, uniq_sigmund
D:3:      layout_basic
D:4:      layout_basic, serial_shops, nicolae_shop_waterfront,
          minmay_misc_feat_tiny, palyth_stone_intersect
D:5:      layout_cave_pools, enter_ossuary_4, serial_gnoll_camp,
          gnoll_camp_mini_sergeant, gnoll_camp_mini_hut, gnoll_camp_mini_shop,
          gnoll_camp_mini_loothouse

Skill      XL: |  1  2  3  4  5  6  7 |
---------------+----------------------+-----
Invocations    | 1 2 3 |  3.0
Short Blades   | 1 2 |  2.7
Long Blades    | 1 2 |  2.7
Axes           | 1 2 |  2.7
Maces & Flails | 1 2 |  2.7
Polearms       | 1 2 |  2.7
Staves         | 1 2 |  2.7
Slings         | 1 2 |  2.7
Crossbows      | 1 2 |  2.7
Throwing       | 1 2 |  2.7
Armour         | 1 2 |  2.7
Dodging        | 1 2 |  2.7
Shields        | 1 2 |  2.7
Unarmed Combat | 1 2 |  2.7
Spellcasting   | 1 2 |  2.7
Conjurations   | 1 2 |  2.2
Hexes          | 1 2 |  2.2
Summonings     | 1 2 |  2.2
Translocations | 1 2 |  2.2
Transmutations | 1 2 |  2.2
Fire Magic     | 1 2 |  2.2
Ice Magic      | 1 2 |  2.2
Air Magic      | 1 2 |  2.2
Earth Magic    | 1 2 |  2.2
Poison Magic   | 1 2 |  2.2
Evocations     | 3 |  3.8
Stealth        | 3 |  3.7
Bows           | 5 |  5.4
Fighting       | 7 |  7.1
Necromancy     | |  5.9

Action                   |  1- 3 |  4- 6 |  7- 9 || total
-------------------------+-------+-------+-------++-------
Melee: War axe           |       |    29 |    54 ||    83
       Bite              |       |     1 |     3 ||     4
 Fire: Shortbow          |    74 |   136 |    10 ||   220
  Use: Scroll            |       |       |     7 ||     7
       Potion            |       |       |     2 ||     2
 Stab: Sleeping          |       |       |     2 ||     2
Armor: Robe              |     2 |     4 |     7 ||    13
Dodge: Dodged            |     4 |    29 |    54 ||    87
